 Dungeon Crawl Stone Soup version 0.29.1-15-g9cfb28693d (webtiles) character file.

Game seed: 652913214048136002

14 leafyfresh the Shield-Bearer (level 2, -1/27 HPs)
             Began as a Minotaur Fighter on Mar 5, 2023.
             Slain by a ball python (3 damage)
             ... on level 1 of the Dungeon.
             The game lasted 00:00:43 (630 turns).

leafyfresh the Shield-Bearer (Minotaur Fighter)      Turns: 630, Time: 00:00:43

Health: -1/27      AC:  7    Str: 20    XL:     2   Next: 27%
Magic:  1/1        EV:  6    Int:  5    God:
Gold:   22         SH:  4    Dex:  9    Spells: 1/1 levels left

rFire   . . .      SeeInvis .   a - +0 rapier
rCold   . . .      Faith    .   c - +0 buckler
rNeg    . . .      Spirit   .   b - +0 scale mail
rPois   .          Reflect  .   (helmet restricted)
rElec   .          Harm     .   (no cloak)
rCorr   .          Rampage  .   (no gloves)
Will    .....                   (no boots)
Stlth   ..........              (no amulet)
HPRegen 0.09/turn               (no ring)
MPRegen 0.07/turn               (no ring)

@: constricted
A: horns 2, retaliatory headbutt
a: no special abilities


You were on level 1 of the Dungeon.
You visited 1 branch of the dungeon, and saw 1 of its levels.

You collected 22 gold pieces.

Inventory:

Hand Weapons
 a - a +0 rapier (weapon)
Armour
 b - a +0 scale mail (worn)
 c - a +0 buckler (worn)
Scrolls
 e - 2 scrolls of identify {unknown}
 f - a scroll of magic mapping {unknown}
Potions
 d - a potion of might


   Skills:
 + Level 3.9 Fighting
 + Level 2.4 Short Blades
 + Level 3.9 Armour
 + Level 3.9 Shields


You had one spell level left.
You didn't know any spells.
Your spell library was empty.

Dungeon Overview and Level Annotations

Branches:
Dungeon (1/15)

Altars:


Innate Abilities, Weirdness & Mutations

You have a pair of horns on your head.
You reflexively headbutt those who attack you in melee.


Message History

The ball python constricts you.
The dart slug briefly extends its eye-stalks.
The dart slug barely misses you.
The quokka bites you but does no damage.
The ball python bites you but does no damage.
The ball python constricts you. You block the quokka's attack.
You block the ball python's attack. The ball python constricts you.
The dart slug bites you. The quokka bites you.
* * * LOW HITPOINT WARNING * * *
The ball python bites you but does no damage.
The ball python constricts you.
The dart slug bites you but does no damage.
The quokka bites you but does no damage.
The ball python closely misses you. The ball python constricts you.
You block the quokka's attack. The ball python bites you.
* * * LOW HITPOINT WARNING * * *
The ball python constricts you.
* * * LOW HITPOINT WARNING * * *
The dart slug barely misses you. You furiously retaliate!
You headbutt the dart slug. The quokka barely misses you.
The ball python bites you.
* * * LOW HITPOINT WARNING * * *
The ball python constricts you.
You escape the ball python's grasp.
The quokka completely misses you. You furiously retaliate!
You headbutt the quokka.
You kill the quokka!
The dart slug bites you but does no damage.
The ball python closely misses you. The ball python grabs you.
The ball python constricts you.
The dart slug bites you but does no damage.
You block the ball python's attack. The ball python constricts you.
* * * LOW HITPOINT WARNING * * *
The ball python barely misses you. The ball python constricts you.
You block the dart slug's attack.
The ball python bites you but does no damage.
The ball python constricts you.
* * * LOW HITPOINT WARNING * * *
The ball python bites you.
You die...

..........####......#
..........####......#
..........##........#
..........##.#####..#
...........#.# ..#
###########..#####..#
#.........#
.#.#.###..#.#..#
...$...$#.w@#
.#.#.##.##S.# .S.#..#
#...##... ..........
.....###..## .....#
#.. ......# .#. .#..


You could see a dart slug and a ball python.

Vanquished Creatures
  An endoplasm (D:1)
  A giant cockroach (D:1)
  A goblin (D:1)
  2 hobgoblins (D:1)
  A kobold (D:1)
  3 quokkas (D:1)
  A bat (D:1)
  A rat (D:1)
11 creatures vanquished.

Notes
Turn   | Place    | Note
-------+----------+-------------------------------------------
     0 | D:1      | leafyfresh the Minotaur Fighter began the quest for the
                  | Orb.
     0 | D:1      | Reached XP level 1. HP: 19/19 MP: 0/0
    97 | D:1      | Reached XP level 2. HP: 17/27 MP: 1/1
   630 | D:1      | Slain by a ball python

Illustrated notes

Levels and vault maps discovered:
D:1:      dpeg_arrival_round_b, layout_basic, minmay_misc_feat_hallway

Action                   || total
-------------------------++-------
Melee: Rapier            ||    18
       Headbutt          ||     4
Armor: Scale mail        ||    52
Dodge: Dodged            ||    42
Block: Buckler           ||    28
